 Dungeon Crawl Stone Soup version 0.28.0-1-gb440e238dd (webtiles) character file.

Game seed: 11749332473991566330

35 spaghetti the Sneak (level 3, 0/27 HPs)
             Began as an Octopode Delver on Feb 20, 2022.
             Slain by a centaur zombie (1 damage)
             ... on level 6 of the Dungeon.
             The game lasted 00:00:20 (60 turns).

spaghetti the Sneak (Octopode Delver)                 Turns: 60, Time: 00:00:21

Health: 0/27       AC:  1    Str: 13    XL:     3   Next: 35%
Magic:  3/3        EV: 13    Int: 12    God:
Gold:   27         SH:  0    Dex: 13    Spells: 2/2 levels left

rFire   . . .      SeeInvis .   a - +0 falchion
rCold   . . .      Faith    .   (no shield)
rNeg    . . .      Spirit   .   (helmet restricted)
rPois   .          Reflect  .   (no amulet)
rElec   .          Harm     .   (no ring)
rCorr   .          Rampage  .   (no ring)
Will    .....                   (no ring)
Stlth   ++++......              (no ring)
HPRegen 0.09/turn               (no ring)
MPRegen 0.08/turn               (no ring)
                                (no ring)
                                (no ring)

@: no status effects
A: almost no armour, amphibious, 8 rings, camouflage 1, gelatinous body 1,
(nimble swimmer 1), tentacles
a: no special abilities


You were on level 6 of the Dungeon.
You visited 1 branch of the dungeon, and saw 2 of its levels.

You collected 27 gold pieces.

Inventory:

Hand Weapons
 a - a +0 falchion (weapon)
Wands
 f - a wand of digging (3)
Scrolls
 b - a scroll of fog
 c - a scroll of magic mapping
 g - a scroll of torment {unknown}
Potions
 e - a potion of haste


   Skills:
 + Level 4.3 Fighting
 - Level 2.0 Long Blades
 - Level 2.0 Dodging
 - Level 6.6 Stealth


You had 2 spell levels left.
You didn't know any spells.
Your spell library was empty.

Dungeon Overview and Level Annotations

Branches:
Dungeon (6/15)
 Temple: D:4-7

Altars:

Shops:
D:5 :

Annotations:
D:6 exclusion: water moccasin


Innate Abilities, Weirdness & Mutations

You cannot wear most types of armour.
You are amphibious.
You can wear up to eight rings at the same time.
Your skin changes colour to match your surroundings (Stealth+).
Your rubbery body absorbs attacks. (AC +1, EV +1)
((You are camouflaged when in or above water. (Stealth+)))
You have tentacles for arms and can constrict up to eight enemies at once.


Message History

The centaur zombie hits you. The centaur zombie barely misses you.
You are too injured to fight recklessly!
You are too injured to fight recklessly!
You are too injured to fight recklessly!
You are too injured to fight recklessly!
You are too injured to fight recklessly!
You are too injured to fight recklessly!
You are too injured to fight recklessly!
You are too injured to fight recklessly!
You are too injured to fight recklessly!
You are too injured to fight recklessly!
You are too injured to fight recklessly!
You are too injured to fight recklessly!
You are too injured to fight recklessly!
You are too injured to fight recklessly!
You are too injured to fight recklessly!
You are too injured to fight recklessly!
You are too injured to fight recklessly!
You are too injured to fight recklessly!
Unknown command.
You hit the centaur zombie. You squeeze the centaur zombie.
The centaur zombie is heavily damaged.
The centaur zombie closely misses you. The centaur zombie barely misses you.
The centaur zombie hits you.
* * * LOW HITPOINT WARNING * * *
The centaur zombie closely misses you.
Okay, then.
You hit the orc but do no damage. You grab the orc. You constrict the orc.
The orc hits you with a +0 morningstar.
* * * LOW HITPOINT WARNING * * *
The centaur zombie barely misses you. The centaur zombie kicks you.
* * * LOW HITPOINT WARNING * * *
The orc barely misses you.
As you read the scroll of fear, it crumbles to dust.
You assume a fearsome visage.
The orc looks frightened!
The centaur zombie is unaffected.
You constrict the orc, but do no damage.
The centaur zombie hits you but does no damage.
The centaur zombie kicks you.
You die...

.. ... ##.. ...
####.# . .. ....#####
#.##..####o......#
...#...Z@.#
..#....##.####
.....###....# #.. #
#........# #.#
##.......# >.#
#.......# .##.#
#.......# .##.#
####.......#
###.##.###..........#


You could see an orc (fleeing) and a centaur zombie.

Vanquished Creatures
  A bullfrog zombie (D:6)
  2 orcs (D:6)
3 creatures vanquished.

Notes
Turn   | Place    | Note
-------+----------+-------------------------------------------
     0 | D:5      | spaghetti the Octopode Delver began the quest for the Orb.
     0 | D:5      | Reached XP level 1. HP: 16/16 MP: 1/1
    37 | D:6      | Noticed a water moccasin
    51 | D:6      | Reached XP level 2. HP: 21/22 MP: 2/2
    51 | D:6      | Reached XP level 3. HP: 26/27 MP: 3/3
    59 | D:6      | HP: 1/27 [centaur zombie (1)]
    60 | D:6      | Slain by a centaur zombie

Illustrated notes

Levels and vault maps discovered:
D:5:      layout_loops_corners, hangedman_ru_absence, serial_shops,
          nicolae_take_the_stairs, nicolae_sextant, uniq_menkaure
D:6:      layout_rooms, uniq_duvessa, uniq_grinder, uniq_sigmund

Skill      XL: |  1 |
---------------+----+-----
Fighting       | 4 |  4.3
Long Blades    | |  2.0
Dodging        | |  2.0
Stealth        | |  6.6

Action                   || total
-------------------------++-------
Melee: Falchion          ||    11
       Tentacles         ||     7
       Constrict         ||     4
  Use: Scroll            ||     1
Armor: Skin              ||     1
Dodge: Dodged            ||    13
